 Dungeon Crawl Stone Soup version 0.29-a0-555-g3b24f45cc1 (webtiles) character file.

Game seed: 8975183564761199295

3 grumblor the Shield-Bearer (level 1, -7/11 HPs)
             Began as a Vine Stalker Fighter on June 7, 2022.
             Mangled by a gnoll
             ... wielding a +0 flail
              (8 damage)
             ... on level 1 of the Dungeon.
             The game lasted 00:00:13 (98 turns).

grumblor the Shield-Bearer (Vine Stalker Fighter)     Turns: 98, Time: 00:00:13

Health: -7/11      AC:  6    Str: 18    XL:     1   Next: 50%
Magic:  0/2        EV:  9    Int:  8    God:
Gold:   0          SH:  4    Dex: 13    Spells: 0/0 levels left

rFire   . . .      SeeInvis .   a - +0 war axe
rCold   . . .      Faith    .   c - +0 buckler
rNeg    . . .      Spirit   +   b - +0 scale mail
rPois   .          Reflect  .   (no helmet)
rElec   .          Harm     .   (no cloak)
rCorr   .          Rampage  .   (no gloves)
Will    .....                   (no boots)
Stlth   ..........              (no amulet)
HPRegen 0.03/turn               (no ring)
MPRegen 0.08/turn               (no ring)

@: no status effects
A: fangs 2, magic shield, antimagic bite, no potion heal 2
a: no special abilities


You were on level 1 of the Dungeon.
You visited 1 branch of the dungeon, and saw 1 of its levels.

Inventory:

Hand Weapons
 a - a +0 war axe (weapon)
Armour
 b - a +0 scale mail (worn)
 c - a +0 buckler (worn)
Potions
 d - a potion of might
 e - a potion of flight {unknown}


   Skills:
 * Level 2.7 Fighting
 + Level 1.7 Axes
 + Level 2.4 Armour
 + Level 2.8 Shields


You couldn't memorise any spells.
You didn't know any spells.
Your spell library was empty.

Dungeon Overview and Level Annotations

Branches:
Dungeon (1/15)

Altars:


Innate Abilities, Weirdness & Mutations

You have extremely sharp teeth.
When hurt, damage is shared between your health and your magic reserves.
Your bite disrupts and absorbs the magic of your enemies.
Potions cannot restore your health.


Message History

The frilled lizard bites you but does no damage.
The bat completely misses you. The bat hits you but does no damage.
The ball python closely misses you. x2
The bat closely misses you.
The ball python attacks as you move away!
The ball python closely misses you. The ball python barely misses you.
The bat barely misses you. The bat attacks as you move away!
The bat hits you but does no damage. x3
The bat closely misses you. The bat barely misses you.
The bat closely misses you.
You barely miss the bat. Your bite misses the bat. The bat barely misses you.
The bat hits you.
* * * LOW HITPOINT WARNING * * *
You barely miss the bat. Your bite misses the bat. You block the bat's attack.
The bat hits you but does no damage. The bat misses you.
You hit the bat.
You kill the bat!
The ball python closely misses you. The ball python grabs you.
The ball python constricts you.
You completely miss the ball python. Your bite misses the ball python.
The ball python is moderately wounded.
You block the ball python's attack. The ball python constricts you.
The ball python barely misses you. The ball python constricts you.
You closely miss the ball python.
The ball python is moderately wounded.
The ball python bites you but does no damage.
The ball python constricts you.
You hit the ball python.
You kill the ball python!
The hobgoblin hits you but does no damage.
You slash the hobgoblin!
You kill the hobgoblin!
You closely miss the gnoll. The gnoll hits you but does no damage.
The gnoll hits you with a +0 flail.
* * * LOW HITPOINT WARNING * * *
You hit the gnoll.
The gnoll is moderately wounded.
The gnoll hits you with a +0 flail!
Ouch! That really hurt!
You die...

≈# #.# ≈#####.# ≈#...#.#
≈#...#.# ### .'..<#.# #..
≈#...#.# #.# ≈#...#.########
#.# .
≈#####........#######.#####....
≈#..............@glr........#
≈#.####.......#######.#.##..#
≈#.# #.......# ...#..# .# ≈#.#
#.......# #####.)# #.#
#.......# ..#. #.# #.......#
.###. #.# #.......# . ##
#.####.......# ..
##...##########


You could see a gnoll, a frilled lizard and a rat.

Vanquished Creatures
  A bat (D:1)
  A hobgoblin (D:1)
  A ball python (D:1)
3 creatures vanquished.

Notes
Turn   | Place    | Note
-------+----------+-------------------------------------------
     0 | D:1      | grumblor the Vine Stalker Fighter began the quest for the
                  | Orb.
     0 | D:1      | Reached XP level 1. HP: 11/11 MP: 2/2
    98 | D:1      | Mangled by a gnoll

Illustrated notes

Levels and vault maps discovered:
D:1:      lightli_arrival_farm, layout_basic, nrook_uturn, minmay_pentomino_r4

Action                   || total
-------------------------++-------
Melee: War axe           ||    12
Armor: Scale mail        ||    13
Dodge: Dodged            ||    18
Block: Buckler           ||     3

Table legend: (Time is in decaauts)
 A = Elapsed time spent in this place.
 B = Non-inter-level travel time spent in this place.
 C = Inter-level travel time spent in this place.
 D = Time resting spent in this place.
 E = Time spent auto-exploring this place.
 F = Levels seen in this place.
 G = Mean time per level.
                   A        B        C        D        E       F      G
               +--------+--------+--------+--------+--------+-----+--------+
         Total |    103 |    103 |      0 |      0 |     72 |   1 |  103.0 |
       Dungeon |    103 |    103 |      0 |      0 |     72 |   1 |  103.0 |
               +--------+--------+--------+--------+--------+-----+--------+

Top non-repeatable levels by time:
     D:1: 103 daAuts
